 Dungeon Crawl Stone Soup version 0.29.1-1-gd02db69 (webtiles) character file.

Game seed: 11949168073214359244

27 Timinator the Insei (level 2, 0/23 HPs)
             Began as a Demigod Transmuter on Dec 19, 2022.
             Frozen to death by an endoplasm (5 damage)
             ... on level 2 of the Dungeon.
             The game lasted 00:02:48 (780 turns).

Timinator the Insei (Demigod Transmuter)             Turns: 780, Time: 00:02:49

Health: 0/23       AC:  5    Str: 11    XL:     2   Next: 72%
Magic:  7/7        EV: 11    Int: 15    God:
Gold:   37         SH:  0    Dex: 14    Spells: 2/5 levels left

rFire   + . .      SeeInvis .     - Unarmed
rCold   . . .      Faith    .   (no shield)
rNeg    . . .      Spirit   .   h - +0 leather armour
rPois   .          Reflect  .   k - +0 helmet
rElec   .          Harm     .   (no cloak)
rCorr   .          Rampage  .   (no gloves)
Will    .....                   i - +0 pair of boots
Stlth   +.........              (no amulet)
HPRegen 0.07/turn               d - ring of protection from fire
MPRegen 0.10/turn               (no ring)

@: no status effects
A: high MP 1, forlorn, divine attributes
a: no special abilities


You were on level 2 of the Dungeon.
You visited 1 branch of the dungeon, and saw 2 of its levels.

You collected 37 gold pieces.

Inventory:

Armour
 e - a +0 ring mail
 h - a +0 leather armour (worn)
 i - a +0 pair of boots (worn)
 k - a +0 helmet (worn)
Jewellery
 d - a ring of protection from fire (left hand)
 j - a ring of fire
Scrolls
 a - a scroll of magic mapping {unknown}
 f - a scroll of vulnerability {unknown}
 l - a scroll of enchant weapon {unknown}
 m - a scroll of blinking {unknown}
 o - a scroll of acquirement {unknown}
Potions
 b - a potion of lignification
 c - a potion of brilliance {unknown}
 g - a potion of curing {unknown}
 n - a potion of berserk rage {unknown}


   Skills:
 * Level 1.1 Fighting
 * Level 0.8 Armour
 * Level 1.9 Dodging
 + Level 3.0 Unarmed Combat
 + Level 2.0 Spellcasting
 * Level 2.0 Transmutations


You had 2 spell levels left.
You knew the following spells:

 Your Spells              Type           Power      Damage    Failure   Level
a - Beastly Appendage     Tmut           14%        N/A       13%         1
b - Wereblood             Tmut           7%         N/A       19%         2

Your spell library contained the following spells:

 Spells                   Type           Power      Damage    Failure   Level
 Sandblast                Erth           2%         2d4       28%         1
 Passwall                 Tmut/Erth      3%         N/A       28%         2
 Spider Form              Tmut/Pois      4%         N/A       50%         3
 Stone Arrow              Conj/Erth      2%         3d7       65%         3
 Ice Form                 Ice/Tmut       4%         N/A       88%         4


Dungeon Overview and Level Annotations

Branches:
Dungeon (2/15)

Shops:
D:1 (


Innate Abilities, Weirdness & Mutations

You have an increased reservoir of magic. (+10% MP)
You shall have no god before yourself.
Your divine heritage dramatically boosts your attributes as you level up.


Message History

The kobold closely misses you. The endoplasm freezes you.
You are frozen.
You hit the kobold but do no damage. Your headbutt misses the kobold.
A kobold comes into view. It is wielding a +0 short sword.
The kobold hits you with a +0 short sword.
The endoplasm closely misses you.
You closely miss the kobold. Your headbutt misses the kobold.
The kobold barely misses you.
The kobold throws a stone.
The stone barely misses you. The endoplasm closely misses you.
You barely miss the kobold. Your kick misses the kobold.
You headbutt the kobold.
The kobold is heavily wounded.
The kobold closely misses you. The endoplasm freezes you.
You are frozen.
You closely miss the kobold. Your headbutt misses the kobold.
The kobold is heavily wounded.
The endoplasm hits you. The kobold barely misses you.
You closely miss the kobold. You claw the kobold, but do no damage.
Your headbutt misses the kobold.
The kobold is heavily wounded.
The kobold barely misses you.
The kobold throws a stone.
The stone closely misses you.
The stone completely misses the kobold.
The endoplasm freezes you.
You are frozen.
* * * LOW HITPOINT WARNING * * *
You completely miss the kobold. You claw the kobold.
You kill the kobold!
The endoplasm barely misses you.
The kobold throws a stone.
The stone hits you but does no damage. The endoplasm attacks as you move away!
The endoplasm hits you.
* * * LOW HITPOINT WARNING * * *
Your horns disappear.
Your talons disappear.
Your +0 helmet unmelds from your body.
Your +0 pair of boots unmelds from your body.
There is a stone staircase leading up here.
The endoplasm freezes you.
You are frozen.
You die...

............
...........
..........
.........##
..........##
......†....##
#...<.).....##
...!...##J.?.##
........@.....+
♣..[...####..##
P...... .##
..##### # ♣.


You could see an endoplasm.

Vanquished Creatures
  A gnoll (D:1)
  A dart slug (D:2)
  An endoplasm (D:1)
  2 hobgoblins (D:1)
  3 jackals (D:1)
  A kobold (D:2)
  2 ball pythons (D:1)
  2 frilled lizards (D:1)
  3 rats (D:1)
16 creatures vanquished.

Notes
Turn   | Place    | Note
-------+----------+-------------------------------------------
     0 | D:1      | Timinator the Demigod Transmuter began the quest for the
                  | Orb.
     0 | D:1      | Reached XP level 1. HP: 15/15 MP: 5/5
    42 | D:1      | Reached skill level 1 in Fighting
   191 | D:1      | Found Touran's Antique Weapon Boutique.
   217 | D:1      | Reached skill level 3 in Unarmed Combat
   227 | D:1      | Reached XP level 2. HP: 20/23 MP: 5/7
   292 | D:1      | Learned a level 2 spell: Wereblood
   780 | D:2      | Frozen to death by an endoplasm

Illustrated notes

Levels and vault maps discovered:
D:1:      psy_arrival_statuary, layout_basic, serial_shops,
          nicolae_shop_advertising_works [nicolae_subvault_shop_adworks],
          fountainhead, nicolae_grassy_gnolls
D:2:      layout_rooms, grunt_decor_arrowhead, kennysheep_flooded_box,
          serial_bayou_crossing

Skill      XL: |  1  2 |
---------------+-------+-----
Fighting       | 1 |  1.1
Unarmed Combat | 3 |  3.0
Spellcasting   | 2 |  2.0
Transmutations | 2 |  2.0
Armour         | |  0.8
Dodging        | |  1.9

Action                   || total
-------------------------++-------
Melee: Unarmed           ||    41
       Kick              ||    12
       Headbutt          ||     7
       Punch             ||     1
 Cast: Beastly Appendage ||    10
       Wereblood         ||     1
Armor: Robe              ||     2
       Leather armour    ||     6
Dodge: Dodged            ||    28
